 Dungeon Crawl Stone Soup version 0.28.0-45-g0d030f2227 (webtiles) character file.

Game seed: 13332100842505945730

11 GigaChad the Scratcher (level 2, 0/12 HPs)
             Began as a Felid Transmuter on Apr 5, 2022.
             Slain by a bat (1 damage)
             ... on level 1 of the Dungeon.
             The game lasted 00:01:25 (230 turns).

GigaChad the Scratcher (Felid Transmuter)            Turns: 230, Time: 00:01:26

Health: 0/12       AC:  1    Str:  6    XL:     2   Next: 17%
Magic:  6/6        EV: 17    Int: 14    God:
Gold:   8          SH:  0    Dex: 16    Spells: 4/5 levels left
                                        Lives:  0   Deaths: 0

rFire   . . .      SeeInvis +     - Unarmed
rCold   . . .      Faith    .   (shield unavailable)
rNeg    . . .      Spirit   .   (armour unavailable)
rPois   .          Reflect  .   (helmet unavailable)
rElec   .          Harm     .   (cloak unavailable)
rCorr   .          Rampage  .   (gloves unavailable)
Will    .....                   (boots unavailable)
Stlth   +.........              (no amulet)
HPRegen 0.04/turn               (no ring)
MPRegen 0.10/turn               (no ring)

@: quick
A: very small, claws 1, fangs 3, see invisible, speed 1, shaggy fur 1, stealthy
paws, no weapons or thrown items, no armour, multi-lived
a: no special abilities


You were on level 1 of the Dungeon.
You visited 1 branch of the dungeon, and saw 1 of its levels.

You collected 8 gold pieces.

Inventory:

Armour
 a - a +0 scale mail
Potions
 b - a potion of magic {unknown}


   Skills:
 + Level 1.0 Fighting
 + Level 3.0 Dodging
 + Level 3.5 Unarmed Combat
 + Level 2.0 Spellcasting
 + Level 2.2 Transmutations


You had 4 spell levels left.
You knew the following spells:

 Your Spells              Type           Power      Damage    Failure   Level
a - Beastly Appendage     Tmut           14%        N/A       10%         1

Your spell library contained the following spells:

 Spells                   Type           Power      Damage    Failure   Level
 Wereblood                Tmut           7%         N/A       14%         2
 Spider Form              Tmut/Pois      4%         N/A       41%         3
 Ice Form                 Ice/Tmut       4%         N/A       83%         4


Dungeon Overview and Level Annotations

Branches:
Dungeon (1/15)

Altars:


Innate Abilities, Weirdness & Mutations

You have sharp claws.
You have razor-sharp teeth.
You have supernaturally acute eyesight. (SInv)
You cover ground quickly. (Speed+)
You are covered in fur. (AC +1)
Your paws help you pounce on unaware monsters.
You are incapable of wielding weapons or throwing items.
You cannot wear armour.
You gain extra lives every three experience levels.


Message History

The rat is severely wounded.
The bat closely misses you. The bat misses you. The rat bites you.
You scratch the rat.
You kill the rat!
The bat misses you. The bat completely misses you. The bat closely misses you.
The bat closely misses you.
You see here a rat corpse.
You completely miss the bat. The bat hits you. The bat barely misses you.
You see here a rat corpse.
The bat completely misses you. The bat misses you. The bat closely misses you.
You closely miss the bat. The bat barely misses you. The bat barely misses you.
You closely miss the bat. Your bite misses the bat. The bat misses you.
You miss the bat. The bat misses you.
A kobold comes into view. It is wielding a +0 dagger.
The kobold shouts!
The bat hits you.
You closely miss the bat. The bat barely misses you.
A hobgoblin comes into view.
The hobgoblin shouts!
You claw the bat!
You kill the bat!
You hear a shout!
A bat comes into view.
A hobgoblin comes into view.
You see here a bat corpse.
You closely miss the kobold. The kobold closely misses you.
The bat barely misses you.
You scratch the kobold.
The kobold is severely wounded.
The bat barely misses you. The kobold hits you with a +0 dagger.
You scratch the kobold.
You kill the kobold!
The bat hits you. The hobgoblin hits you.
* * * LOW HITPOINT WARNING * * *
The bat hits you but does no damage. The bat hits you.
You die...

..#...## ####......#
..........#
..........#
........# ......#
#.g.# ....#b@g#
...#...# #..#.†.#
#..#...# #..#..(#
#.#...#
#########.....######
#...................
#.########.#†.#####.


You could see 2 hobgoblins and a bat.

Vanquished Creatures
  A dart slug (D:1)
  3 bats (D:1)
  An endoplasm (D:1)
  A goblin (D:1)
  A kobold (D:1)
  2 rats (D:1)
9 creatures vanquished.

Notes
Turn   | Place    | Note
-------+----------+-------------------------------------------
     0 | D:1      | GigaChad the Felid Transmuter began the quest for the Orb.
     0 | D:1      | Reached XP level 1. HP: 9/9 MP: 4/4
   160 | D:1      | Found a faded altar of an unknown god.
   171 | D:1      | Reached XP level 2. HP: 8/12 MP: 6/6
   230 | D:1      | Slain by a bat

Illustrated notes

Levels and vault maps discovered:
D:1:      amcnicky_arrival_abandoned_market, layout_basic,
          shapermc_ecumenical_altar_acropolis

Skill      XL: |  1 |
---------------+----+-----
Dodging        | 3 |  3.0
Fighting       | |  1.0
Unarmed Combat | |  3.5
Spellcasting   | |  2.0
Transmutations | |  2.2

Action                   || total
-------------------------++-------
Melee: Unarmed           ||    29
       Punch             ||     1
       Bite              ||     1
Armor: Skin              ||     9
Dodge: Dodged            ||    44
